 Dungeon Crawl Stone Soup version 0.29.1-15-g9cfb28693d (webtiles) character file.

Game seed: 15177206942576299695

4414 growler the Martial Artist (level 10, 0/96 HPs)
             Began as a Merfolk Transmuter on Mar 23, 2023.
             Was a Priest of Wu Jian.
             Slain by a killer bee (2 damage)
             ... on level 9 of the Dungeon.
             The game lasted 00:32:09 (11272 turns).

growler the Martial Artist (Merfolk Transmuter)    Turns: 11272, Time: 00:32:11

Health: 0/96       AC:  7    Str: 13    XL:     10   Next: 36%
Magic:  16/16      EV: 10    Int: 15    God:    Wu Jian [***...]
Gold:   385        SH:  0    Dex: 14    Spells: 2/17 levels left

rFire   . . .      SeeInvis .     - Unarmed
rCold   + + +      Faith    .   (shield currently unavailable)
rNeg    . . .      Spirit   .   (body armour currently unavailable)
rPois   +          Reflect  .   (helmet currently unavailable)
rElec   +          Harm     .   (cloak currently unavailable)
rCorr   +          Rampage  .   (gloves currently unavailable)
Will    .....                   (boots currently unavailable)
Stlth   +.........              (no amulet)
HPRegen 0.26/turn               (no ring)
MPRegen 0.15/turn               (no ring)

@: lethally poisoned (0 -> -10), ice-form (expiring), resistant, flying
A: freezing attack, boosted hp, large, (nimble swimmer 2), (mertail)
a: End Transformation, Renounce Religion, Wall Jump, Serpent's Lash


You were on level 9 of the Dungeon.
You worshipped Wu Jian.
Wu Jian was most pleased with you.
You were a creature of crystalline ice.
You visited 1 branch of the dungeon, and saw 9 of its levels.
You also visited: Ossuary.

You collected 385 gold pieces.

Inventory:

Missiles
 v - 2 throwing nets
Armour
 a - a +1 robe (melded)
 B - a +0 helmet (melded)
Jewellery
 o - a ring of ice
 p - a ring of protection from cold
 C - an amulet of magic regeneration
 F - the amulet "Yvism" {Acrobat Rampage rCorr Slay-6}
   (You found it on level 8 of the Dungeon)

   [amulet of the acrobat]

   It increases your evasion while moving and waiting.
   Slay:      It affects your accuracy & damage with ranged weapons and melee
   (-6).
   rCorr:     It protects you from acid and corrosion.
   Rampage:   It bestows one free step when moving towards enemies.
 H - a ring of willpower
Wands
 u - a wand of polymorph (13)
Scrolls
 c - 2 scrolls of brand weapon {unknown}
 d - 5 scrolls of immolation
 e - 3 scrolls of enchant armour
 g - a scroll of fog {unknown}
 j - 2 scrolls of torment {unknown}
 m - 2 scrolls of enchant weapon {unknown}
 s - 4 scrolls of identify
 t - 3 scrolls of vulnerability {unknown}
 y - a scroll of fear {unknown}
 A - 2 scrolls of amnesia {unknown}
 E - a scroll of silence {unknown}
 G - a scroll of blinking {unknown}
Potions
 b - a potion of lignification
 f - 2 potions of mutation
 h - 2 potions of berserk rage {unknown}
 i - 2 potions of flight
 k - 2 potions of curing {unknown}
 l - a potion of attraction
 n - 6 potions of ambrosia
 q - 2 potions of magic
 r - 5 potions of might
 w - a potion of degeneration {unknown}
 x - 2 potions of heal wounds {unknown}
 z - a potion of resistance
 D - a potion of haste {unknown}


   Skills:
 + Level 7.7 Fighting
 - Level 2.6 Dodging
 + Level 12.5 Unarmed Combat
 - Level 4.0 Spellcasting
 - Level 6.0 Transmutations
 - Level 4.0 Ice Magic


You had 2 spell levels left.
You knew the following spells:

 Your Spells              Type           Power      Damage    Failure   Level
a - Beastly Appendage     Tmut           42%        N/A       1%          1
b - Wereblood             Tmut           21%        N/A       2%          2
c - Spider Form           Tmut/Pois      12%        N/A       16%         3
d - Ice Form              Ice/Tmut       18%        N/A       22%         4
e - Blade Hands           Tmut           10%        N/A       38%         5

Your spell library contained the following spells:

 Spells                   Type           Power      Damage    Failure   Level
 Sting                    Tmut/Pois      48%        1d5       5%          1
 Passwall                 Tmut/Erth      10%        N/A       8%          2
 Magic Dart               Conj           12%        1d3       19%         1
 Call Imp                 Summ           3%         N/A       26%         2
 Scorch                   Fire           6%         2d5       26%         2
 Searing Ray              Conj           6%         2d4       26%         2
 Sublimation of Blood     Necr           3%         N/A       26%         2
 Mephitic Cloud           Conj/Pois/Air  3%         N/A       47%         3
 Portal Projectile        Hex/Tloc       6%         N/A       47%         3
 Tukima's Dance           Hex            3%         N/A       47%         3
 Anguish                  Hex/Necr       1%         N/A       87%         4
 Corpse Rot               Necr/Pois/Air  3%         N/A       87%         4
 Flame Wave               Conj/Fire      3%         2d5       87%         4
 Fulminant Prism          Conj/Hex       1%         3d6       87%         4
 Freezing Cloud           Conj/Ice/Air   3%         6-21      96%         5
 Simulacrum               Ice/Necr       4%         N/A       100%        6
 Summon Cactus Giant      Summ           1%         N/A       100%        6
 Enfeeble                 Hex            1%         N/A       100%        7
 Summon Hydra             Summ           1%         N/A       100%        7
 Polar Vortex             Ice            7%         N/A       100%        9


Dungeon Overview and Level Annotations

Branches:
Dungeon (9/15)             Temple (0/1) D:6         Ossuary (visited)
   Lair: D:8-11         Orc: D:9-12

Altars:
Dithmenos
Fedhas
Kikubaaqudgha
Qazlal
Uskayaw
Wu Jian
Yredelemnul

Annotations:
D:9 Harold


Innate Abilities, Weirdness & Mutations

You are a creature of crystalline ice.
You have a powerful freezing melee attack.
Your maximum health is increased.
Your armour is entirely melded.
You are incapable of wielding weapons or throwing items.
((You are very nimble when in or above water. (Stealth+, EV+, Speed+++)))
((Your lower body shifts to a powerful aquatic tail in water.))


Message History

You spin and attack the killer bee.
You hit the killer bee. You freeze the killer bee.
The killer bee is lightly wounded.
Your transformation is almost over.
You feel very sick.
The killer bee misses you. x2; The killer bee stings you!
* * * LOW HITPOINT WARNING * * *
The killer bee misses you.
Unknown command.
Okay, then.
The killer bee attacks as you move away!
The killer bee barely misses you.
You feel sick.
The shadow slips into darkness.
The shadow flickers and vanishes!
Deactivating autopickup; reactivate with Ctrl-A.
The killer bee closely misses you. The killer bee stings you.
* * * LOW HITPOINT WARNING * * *
You are lethally poisoned!
The killer bee poisons you! The killer bee barely misses you.
Unknown command.
It was a potion of flight.
You feel very buoyant.
You fly up into the air.
* * * LOW HITPOINT WARNING * * *
You feel very sick. The killer bee barely misses you.
The killer bee misses you. The killer bee stings you.
* * * LOW HITPOINT WARNING * * *
The killer bee stings you.
* * * LOW HITPOINT WARNING * * *
The killer bee stings you but does no damage.
The killer bee barely misses you.
Okay, then.
It was a potion of resistance.
You feel protected.
* * * LOW HITPOINT WARNING * * *
You feel very sick.
The killer bee barely misses you. x2; The killer bee completely misses you.
The killer bee stings you.
You die...

.####.....<#.##.
..................
....................
....................
............<.......
....................
....................
....................
.........Y.†........
........yyy.........
.##.#...............
#...............
.##.#....@.........
..(..$.............
.......†...........
..............(...
.................


You could see Harold and 3 killer bees.

Vanquished Creatures
  2 kobold demonologists (D:7)
  A troll (D:8)
  A hornet (D:9)
  Eustachio (D:5)
  Duvessa (D:7)
  An orc warrior (D:8)
  A black bear (D:7)
  2 sky beasts (D:7)
  A centaur (D:6)
  5 ogres
  A phantom (D:6)
  4 kobold brigands (D:7)
  A bullfrog (D:7)
  2 necrophages (D:6)
  7 scorpions
  A wight (D:6)
  Dowan (D:7)
  4 killer bees
  2 howler monkeys
  3 vampire bats (D:3)
  A jelly (D:6)
  3 hounds
  5 orc priests
  Natasha (thrice) (D:2)
  6 iguanas
  6 orc wizards
  3 mummies (Ossuary)
  3 gnolls (D:3)
  9 adders
  A shadow imp (D:8)
  A white imp (D:5)
  3 adder zombies (Ossuary)
  2 worms
  2 dart slugs
  25 orcs
  10 ball pythons
  4 bats
  7 bat zombies (D:3)
  8 endoplasms
  2 giant cockroaches
  5 goblins
  8 hobgoblins
  4 jackals
  17 kobolds
  3 frilled lizards (D:1)
  3 goblin zombies (Ossuary)
  2 hobgoblin zombies (Ossuary)
  5 kobold zombies (Ossuary)
  4 quokka zombies
  4 rats
  3 rat zombies
  A spectral orc (D:5)
205 creatures vanquished.

Vanquished Creatures (others)
  2 plants (D:1)
2 creatures vanquished.

Grand Total: 207 creatures vanquished

Notes
Turn   | Place    | Note
-------+----------+-------------------------------------------
     0 | D:1      | growler the Merfolk Transmuter began the quest for the Orb.
     0 | D:1      | Reached XP level 1. HP: 15/15 MP: 3/3
   103 | D:1      | Found a faded altar of an unknown god.
   297 | D:1      | Reached XP level 2. HP: 21/21 MP: 3/5
   300 | D:1      | Learned a level 2 spell: Wereblood
   702 | D:1      | Reached XP level 3. HP: 26/26 MP: 4/6
   706 | D:1      | Learned a level 3 spell: Spider Form
  1160 | D:2      | Noticed Natasha
  1292 | D:2      | Killed Natasha
  1293 | D:2      | Reached skill level 4 in Unarmed Combat
  1293 | D:2      | Reached XP level 4. HP: 20/32 MP: 3/8
  1440 | D:2      | Noticed Natasha
  1530 | D:2      | Killed Natasha
  1557 | D:2      | Noticed Natasha
  1567 | D:2      | Killed Natasha
  1689 | D:2      | Reached XP level 5. HP: 37/37 MP: 5/9
  1697 | D:2      | Learned a level 4 spell: Ice Form
  1753 | D:2      | You fall into a shaft and drop 1 floor!
  2066 | D:2      | Reached skill level 5 in Unarmed Combat
  2719 | D:3      | Found an ancient bone altar of Kikubaaqudgha.
  2741 | D:3      | Reached skill level 6 in Unarmed Combat
  2741 | D:3      | Reached XP level 6. HP: 31/43 MP: 8/10
  2983 | D:3      | Found a shadowy altar of Dithmenos.
  4045 | D:4      | Found a hide-covered altar of Uskayaw.
  4248 | D:4      | Reached skill level 7 in Unarmed Combat
  4726 | D:4      | Reached XP level 7. HP: 47/48 MP: 6/11
  4880 | D:4      | Reached skill level 8 in Unarmed Combat
  5326 | D:5      | Entered Level 5 of the Dungeon
  5819 | D:5      | Reached skill level 9 in Unarmed Combat
  5986 | D:5      | Found a basalt altar of Yredelemnul.
  6195 | D:5      | Reached XP level 8. HP: 54/54 MP: 8/12
  6254 | D:5      | Found an ornate altar of the Wu Jian Council.
  6265 | D:5      | Noticed a spectral centipede
  6265 | D:5      | Noticed a spectral black mamba
  6266 | D:5      | Became a worshipper of the Wu Jian Council
  6473 | D:5      | Noticed Eustachio
  6491 | D:5      | Killed Eustachio
  6492 | D:5      | Reached skill level 10 in Unarmed Combat
  6655 | D:5      | Reached skill level 1 in Ice Magic
  7429 | D:6      | Reached skill level 5 in Transmutations
  7522 | D:6      | Reached * piety under Wu Jian
  7532 | D:6      | Reached XP level 9. HP: 32/63 MP: 11/14
  7872 | D:6      | Found a blossoming altar of Fedhas.
  8074 | D:6      | Learned a level 5 spell: Blade Hands
  8285 | D:6      | Found a staircase to the Ecumenical Temple.
  8402 | D:6      | Found a stormy altar of Qazlal.
  8554 | D:7      | Noticed Duvessa
  8558 | D:7      | Noticed Dowan
  8563 | D:7      | Killed Duvessa
  8576 | D:7      | Killed Dowan
  8663 | D:7      | Noticed a kobold demonologist
  8672 | D:7      | Reached skill level 11 in Unarmed Combat
  8680 | D:7      | Reached skill level 5 in Fighting
  8685 | D:7      | Noticed a sixfirhy
  8687 | D:7      | Noticed Maggie
  8695 | D:7      | Killed a kobold demonologist
  9033 | D:7      | Reached ** piety under Wu Jian
  9176 | D:7      | Found a sand-covered staircase.
  9183 | Ossuary  | Entered an ossuary
  9498 | Ossuary  | Reached XP level 10. HP: 77/77 MP: 12/16
  9661 | D:7      | Noticed Maggie
  9661 | D:7      | Maggie changed into Maggie the worm
  9665 | D:7      | Killed Maggie the worm
  9685 | D:7      | Noticed a kobold demonologist
  9696 | D:7      | Killed a kobold demonologist
  9697 | D:7      | Reached skill level 12 in Unarmed Combat
  9997 | D:7      | Got the Cyclopedia of Cankerous Evolution
 10346 | D:8      | Reached *** piety under Wu Jian
 10929 | D:8      | Identified the amulet "Yvism" {Acrobat Rampage rCorr
                  | Slay-6}
 11264 | D:9      | Noticed Harold
 11272 | D:9      | HP: 2/96 [poisoned by a killer bee]
 11272 | D:9      | Slain by a killer bee

Illustrated notes

Levels and vault maps discovered:
D:1:      evilmike_arrival_plus, layout_loops_ring, serial_forest,
          infiniplex_forest_clump_small, infiniplex_forest_clump_tiny,
          infiniplex_forest_clump_tiny, infiniplex_forest_end_double,
          infiniplex_forest_lined_ring, infiniplex_forest_clump_double,
          infiniplex_forest_straight_2, basic_ecumenical_altar,
          minmay_tetromino_s2
D:2:      layout_basic, chequers_serial_rivers_micro_e, uniq_natasha
D:3:      layout_basic, marbit_many_paths, kennysheep_vampire_church,
          minmay_misc_feat_chi, roderic_lattice_a, st_stairs_4,
          hangedman_decor_slide_cut
D:4:      layout_loops_ring, mainiacjoe_overflow_paths
D:5:      layout_loops_corners, pdpol_wu_jian_five_deadly_venoms,
          yredelemnul_forgotten_temple_becter, minmay_misc_feat_tiny,
          kennysheep_generic_room_14, uniq_eustachio
D:6:      minmay_diamond_boxcup, layout_basic,
          grunt_temple_overflow_forces_of_nature, minmay_temple_entry_overgrown
D:7:      layout_loops_ring, enter_ossuary_4, uniq_duvessa, uniq_maggie
D:8:      cheibrodos_iron_armory, layout_basic
D:9:      layout_basic, uniq_harold, uniq_amaemon

Skill      XL: |  1  2  3  4  5  6  7  8  9 10 |
---------------+-------------------------------+-----
Transmutations | 3 4 5 6 |  6.0
Unarmed Combat | 4 6 7 9 10 11 12 | 12.5
Spellcasting   | 3 4 |  4.0
Ice Magic      | 2 4 |  4.0
Fighting       | 3 6 7 |  7.7
Dodging        | |  2.6

Action                   |  1- 3 |  4- 6 |  7- 9 | 10-12 || total
-------------------------+-------+-------+-------+-------++-------
Melee: Unarmed           |    67 |   148 |   275 |   100 ||   590
       Headbutt          |    10 |    20 |    13 |     1 ||    44
       Punch             |     3 |     2 |     7 |       ||    12
 Cast: Beastly Appendage |    18 |    27 |    19 |     2 ||    66
       Spider Form       |     1 |     8 |    12 |     1 ||    22
       Wereblood         |     1 |     6 |     7 |       ||    14
       Ice Form          |       |       |     5 |     6 ||    11
Invok: Lunge             |       |       |    18 |     6 ||    24
       Whirlwind         |       |       |    19 |    35 ||    54
Evoke: Wand              |       |       |     1 |     1 ||     2
  Use: Scroll            |       |     5 |     5 |       ||    10
       Potion            |       |       |     1 |     3 ||     4
 Stab: Sleeping          |       |     1 |       |     1 ||     2
Armor: Robe              |     9 |    40 |    10 |     2 ||    61
       Skin              |       |     1 |    38 |    43 ||    82
Dodge: Dodged            |    21 |   113 |   114 |    57 ||   305
